 Dungeon Crawl Stone Soup version 0.27.1-2-g3b301248ec (webtiles) character file.

Game seed: 2722408202512654548

1867 raph the Grave Robber (level 8, -9/69 HPs)
             Began as a Deep Dwarf Necromancer on Sept 24, 2021.
             Was a Believer of Makhleb.
             Mangled by Menkaure (11 damage)
             ... on level 6 of the Dungeon.
             The game lasted 00:19:28 (7715 turns).

raph the Grave Robber (Deep Dwarf Necromancer)      Turns: 7715, Time: 00:19:28

Health: -9/69      AC: 10    Str: 13    XL:     8   Next: 90%
Magic:  1/14       EV: 13    Int: 16    God:    Makhleb [**....]
Gold:   208        SH:  0    Dex: 14    Spells: 5/15 levels left

rFire    . . .     SeeInvis .   q - +1 war axe
rCold    + . .     Faith    .   (no shield)
rNeg     . . .     Spirit   .   k - +2 leather armour {rPois}
rPois    +         Reflect  .   o - +2 helmet
rElec    .         Harm     .   (no cloak)
rCorr    .         Rampage  .   l - +0 pair of gloves
Will     +....                  p - +0 pair of boots
Stlth    +++.......             (no amulet)
HPRegen  0.00/turn              e - ring of protection from cold
MPRegen  0.14/turn              (no ring)

@: mighty, about to teleport, mesmerised, very slightly contaminated, invisible
A: damage resistance, heal wounds, sense surroundings 1, no regeneration
a: Heal Wounds, Renounce Religion, Minor Destruction


You were on level 6 of the Dungeon.
You worshipped Makhleb.
Makhleb was pleased with you.
You visited 1 branch of the dungeon, and saw 6 of its levels.
You also visited: Ossuary.

You collected 208 gold pieces.

Inventory:

Hand Weapons
 b - a +0 hand axe
 h - a +3 short sword of venom
 q - a +1 war axe (weapon)
Armour
 a - a +0 robe
 k - a +2 leather armour of poison resistance (worn)
 l - a +0 pair of gloves (worn)
 n - a +0 helmet
 o - a +2 helmet (worn)
 p - a +0 pair of boots (worn)
Jewellery
 e - a ring of protection from cold (left hand)
Wands
 d - a wand of polymorph (4)
Scrolls
 m - 2 scrolls of teleportation
Potions
 c - 2 potions of curing
 f - a potion of attraction
 g - a potion of mutation
 i - a potion of berserk rage
 j - a potion of might
 s - a potion of flight
 u - 2 potions of cancellation
 v - a potion of magic {unknown}
 w - a potion of brilliance {unknown}


   Skills:
 + Level 3.2 Fighting
 * Level 4.3 Axes
 + Level 5.0 Dodging
 + Level 5.9 Stealth
 + Level 4.0 Spellcasting
 * Level 7.7 Necromancy
 + Level 4.4 Invocations


You had 5 spell levels left.
You knew the following spells:

 Your Spells              Type           Power      Damage    Failure   Level
a - Pain                  Necr           100%       1d9       1%          1
b - Animate Skeleton      Necr           54%        N/A       1%          1
c - Vampiric Draining     Necr           13%        2d7       2%          3
d - Animate Dead          Necr           13%        N/A       9%          4
e - Summon Small Mammal   Summ           12%        N/A       22%         1

Your spell library contained the following spells:

 Spells                   Type           Power      Damage    Failure   Level
 Apportation              Tloc           6%         N/A       22%         1
 Corona                   Hex            3%         N/A       22%         1
 Agony                    Necr           27%        N/A       26%         5


Dungeon Overview and Level Annotations

Branches:
Dungeon (6/15)             Temple (0/1) D:5         Ossuary (visited)

Altars:
Ashenzari
Makhleb
Wu Jian

Shops:
D:3 =   D:5 ([*

Annotations:
D:5 3 runed translucent doors, MisterFreud's ghost, novice GnFi
D:6 Maggie; Menkaure


Innate Abilities, Weirdness & Mutations

You are resistant to damage.
You can heal yourself by infusing magical energy.
You passively map a small area around you.
You do not regenerate.


Message History

Your bat's corpse disappears in a puff of smoke!
Menkaure hits you!
Maggie mumbles the words to a spell, but in the wrong order.
Maggie closely misses you.
Casting: Vampiric Draining (dangerous; 2% risk of failure)
Confirm with . or Enter, or press ? or * to list all spells.
Aiming: Vampiric Draining (dangerous; 2% risk of failure)
Press: ? - help, Shift-Dir - straight line, f/p - Maggie
Aim: Maggie, wielding a +0 scimitar and wearing +0 steam dragon scales (severely wounded, mesmerising)
You draw life force from Maggie!
You feel life coursing into your body. Menkaure hits you! Maggie misses you.
Casting: Vampiric Draining (dangerous; 2% risk of failure)
Confirm with . or Enter, or press ? or * to list all spells.
You don't have enough magic to cast this spell.
Your leather armour prevents you from hitting Maggie.
Maggie is severely wounded.
You hit Menkaure. Menkaure closely misses you.
Maggie points at you and mumbles some strange words.
The bolt of fire hits you!
* * * LOW HITPOINT WARNING * * *
Menkaure completely misses you.
You feel much better. Maggie hits you with a +0 scimitar!
Menkaure gestures at you while chanting.
Pain shoots through your body!
Your magical contamination has completely faded away.
You slash Maggie!
Maggie is almost dead.
You barely miss Menkaure. Menkaure hits you!
* * * LOW HITPOINT WARNING * * *
Maggie points at you and mumbles some strange words.
The bolt of fire hits you!
* * * LOW HITPOINT WARNING * * *
Okay, then.
Okay, then.
You fade into invisibility!
Menkaure hits you. Maggie misses you. Menkaure barely misses you.
You are very lightly contaminated with residual magic.
As you read the scroll of teleportation, it crumbles to dust.
You feel strangely unstable. Maggie barely misses you. Menkaure hits you!
You die...

... ... ,
........... , ,
... , ..........
,, , ...
.......... , ,, ,
... ......... <,
..., , .........
,, , ,........###
* * ,
.......[.M###...
,
........@@......,
#.....#.........
,
###....###......
##... #..... *
##.. ##... , ,
#.. , * .. , #.#
** , # * ..


You could see Maggie (mesmerising) and Menkaure (fast).

Vanquished Creatures
  Sigmund (D:5)
  2 ogres
  A black bear (D:5)
  Blork the orc (D:5)
  11 scorpions
  A water moccasin zombie (D:5)
  A water moccasin skeleton (D:5)
  A bullfrog zombie (D:5)
  A centaur zombie (D:5)
  A jelly (D:4)
  3 hounds
  2 human zombies (Ossuary)
  An orc priest (D:4)
  2 orc wizards
  A scorpion zombie (Ossuary)
  2 hound skeletons (D:4)
  4 mummies
  4 gnolls (D:3)
  5 adders
  A shadow imp (D:5)
  2 ufetubi
  2 adder skeletons
  A worm (D:4)
  2 dart slugs
  6 orcs
  4 ball pythons
  11 endoplasms
  4 giant cockroaches
  17 goblins
  5 hobgoblins
  7 jackals
  6 quokkas
  4 bats
  A frilled lizard (D:3)
  A gnoll zombie (Ossuary)
  3 goblin zombies (Ossuary)
  A hobgoblin zombie (Ossuary)
  8 kobolds
  A kobold zombie (Ossuary)
  5 orc zombies (Ossuary)
  7 rats
144 creatures vanquished.

Vanquished Creatures (collateral kills)
  Robin (D:4)
  2 gnoll zombies (Ossuary)
  A goblin (D:1)
  A rat (D:1)
5 creatures vanquished.

Grand Total: 149 creatures vanquished

Notes
Turn   | Place    | Note
-------+----------+-------------------------------------------
     0 | D:1      | raph the Deep Dwarf Necromancer began the quest for the
                  | Orb.
     0 | D:1      | Reached XP level 1. HP: 15/15 MP: 3/3
    53 | D:1      | Learned a level 1 spell: Animate Skeleton
   303 | D:1      | Reached XP level 2. HP: 22/22 MP: 4/4
   921 | D:1      | Found a faded altar of an unknown god.
  1339 | D:2      | Reached XP level 3. HP: 26/28 MP: 1/6
  1343 | D:2      | Learned a level 3 spell: Vampiric Draining
  2467 | D:2      | Reached XP level 4. HP: 36/36 MP: 3/7
  2679 | D:3      | Found Voof's Jewellery Shop.
  2850 | D:3      | Reached skill level 5 in Necromancy
  3736 | D:3      | Found a burning altar of Makhleb.
  3740 | D:3      | Became a worshipper of Makhleb the Destroyer
  3751 | D:3      | Found an ornate altar of the Wu Jian Council.
  4098 | D:3      | Reached XP level 5. HP: 43/43 MP: 4/8
  4439 | D:4      | Reached skill level 1 in Fighting
  4439 | D:4      | Reached skill level 1 in Invocations
  4593 | D:4      | Reached XP level 6. HP: 37/51 MP: 10/10
  4707 | D:4      | Learned a level 4 spell: Animate Dead
  4823 | D:4      | Noticed Robin
  4861 | D:4      | Reached * piety under Makhleb
  5033 | D:4      | Reached skill level 6 in Necromancy
  5123 | D:4      | Killed Robin
  5530 | D:5      | Entered Level 5 of the Dungeon
  5536 | D:5      | Found Zoler's General Store.
  5602 | D:5      | Found a broken altar of Ashenzari.
  5610 | D:5      | Found a sand-covered staircase.
  5614 | D:5      | Reached XP level 7. HP: 32/58 MP: 11/11
  5618 | Ossuary  | Entered an ossuary
  5884 | Ossuary  | Learned a level 1 spell: Summon Small Mammal
  5959 | Ossuary  | Reached skill level 1 in Axes
  6199 | Ossuary  | Reached skill level 5 in Stealth
  6394 | Ossuary  | Reached XP level 8. HP: 61/68 MP: 0/13
  6413 | Ossuary  | Reached ** piety under Makhleb
  6653 | Ossuary  | Reached skill level 7 in Necromancy
  6943 | D:5      | Found a runed translucent gate.
  6943 | D:5      | Found a runed translucent gate.
  6943 | D:5      | Found a runed translucent gate.
  6945 | D:5      | Noticed MisterFreud's ghost (novice GnFi)
  6998 | D:5      | Noticed Sigmund
  7011 | D:5      | Killed Sigmund
  7118 | D:5      | Found a staircase to the Ecumenical Temple.
  7319 | D:5      | Found Siorib's Antique Armour Shop.
  7324 | D:5      | Noticed Blork the orc
  7355 | D:5      | Killed Blork the orc
  7500 | D:5      | Reached skill level 5 in Dodging
  7579 | D:5      | Found Supu's Antique Weapon Shoppe.
  7694 | D:6      | Noticed Maggie
  7701 | D:6      | Noticed Menkaure
  7713 | D:6      | HP: 2/69 [Maggie/bolt of fire (15)]
  7715 | D:6      | Mangled by Menkaure

Illustrated notes

Levels and vault maps discovered:
D:1:      ncdulo_watergridlock, layout_basic, basic_ecumenical_altar,
          nrook_mini_vaults
D:2:      layout_basic
D:3:      layout_basic, amethyst_overflow_temple_binary, serial_shops, shop,
          minmay_surrounded
D:4:      layout_cave_pools, uniq_robin
D:5:      layout_gridville, mainiacjoe_overflow_tiny_flanked,
          minmay_temple_entry_ruins, serial_shops, shop_statue, kennysheep_mini,
          nicolae_shop_waterfront, gammafunk_ghost_split,
          gup_ossuary_entry_pyramid, uniq_sigmund, uniq_blork_the_orc
D:6:      layout_layer_cave, chequers_temple_overflow_statue_of_worship,
          serial_rivers, chequers_serial_rivers_room_a,
          chequers_serial_rivers_small_a, chequers_serial_rivers_small_b,
          chequers_serial_rivers_micro_c, chequers_serial_rivers_small_b,
          chequers_serial_rivers_marsh, uniq_menkaure, uniq_maggie, uniq_pikel

Skill      XL: |  1  2  3  4  5  6  7  8 |
---------------+-------------------------+-----
Spellcasting   | 2 3 4 |  4.0
Stealth        | 3 4 5 |  5.9
Dodging        | 3 4 5 |  5.0
Necromancy     | 5 6 7 |  7.7
Fighting       | 1 2 3 |  3.2
Invocations    | 1 2 3 4 |  4.4
Axes           | 2 4 |  4.3

Action                   |  1- 3 |  4- 6 |  7- 9 || total
-------------------------+-------+-------+-------++-------
Melee: Unarmed           |     2 |       |       ||     2
       Hand axe          |     8 |       |       ||     8
       Short sword       |     8 |    71 |       ||    79
       War axe           |       |     7 |   150 ||   157
 Cast: Pain              |    60 |    55 |    30 ||   145
       Animate Skeleton  |     7 |     5 |       ||    12
       Vampiric Draining |     7 |    27 |    32 ||    66
       Summon Small Mamm |       |       |    15 ||    15
Invok: Minor Destruction |       |       |     1 ||     1
  Use: Scroll            |       |     8 |     9 ||    17
       Potion            |       |       |     3 ||     3
 Stab: Sleeping          |       |       |     3 ||     3
       Distracted        |       |       |     1 ||     1
Armor: Robe              |     4 |       |       ||     4
       Leather armour    |     3 |    58 |    92 ||   153
Dodge: Dodged            |    27 |    78 |   110 ||   215
